 Dungeon Crawl Stone Soup version 0.31-a0-4-gefa6de2278 (webtiles) character file.

Game seed: 3320934486096719072

1594093 juan097 the Slayer (level 27, 188/213 HPs)
             Began as a Djinni Fire Elementalist on May 3, 2023.
             Was the Champion of Zin.
             Escaped with the Orb
             ... and 3 runes on May 4, 2023!
             The game lasted 09:03:49 (74203 turns).

juan097 the Slayer (Djinni Fire Elementalist)      Turns: 74203, Time: 09:03:49

Health: 188/213    AC: 15    Str: 15    XL:     27
Gold:   3371       EV: 33    Int: 39    God:    Zin [******] SH: 11 Dex: 25

rFire   + + .        a - staff of conjuration "Himusaet" {rF+ Str+3}
rCold   + . .        z - +3 warlock's mirror {omnireflect}
rNeg    . . .        N - +2 robe of Baldness {Contam Regen+ Int+6}
rPois   ∞            u - +2 helmet
rElec   .            Y - +2 cloak {Stlth+}
rCorr   .            e - +2 pair of gloves {Dex+3}
SInv    +            (boots unavailable)
Will    ++...        n - amulet "Deeraqy" {Faith Fly rC+ Regen+}
Stlth   ++           r - ring of see invisible
HPRegen 2.15/turn    D - ring of ice {=R}
MPRegen 0.00/turn

%: reflection, faith
@: vitalised, flying, studying 2 skills
A: sickness immunity, fire resistance 2, cold vulnerability 1, float, innate
caster, HP casting, extra vitality 1
0: Orb of Zot
}: 3/15 runes: serpentine, barnacled, slimy
a: Renounce Religion, Recite, Vitalisation, Imprison, Sanctuary, Donate Gold


You escaped.
You worshipped Zin.
Zin was exalted by your worship.
You visited 10 branches of the dungeon, and saw 51 of its levels.
You visited 1 bazaar.
You also visited: Ossuary, Bailey, Ice Cave and Wizlab.

You collected 6891 gold pieces.
You spent 3061 gold pieces at shops.
You donated 459 gold pieces to Zin.

Inventory:

Hand Weapons
 b - the +8 dagger of the Foot {venom, rElec rCorr}
   (You found it on level 5 of the Pits of Slime)

   rElec:     It insulates you from electricity.
   rCorr:     It protects you from acid and corrosion.
Missiles
 m - 8 silver javelins
 o - 18 curare-tipped darts
 y - 2 throwing nets
 I - 44 boomerangs
 T - 10 boomerangs of dispersal
 V - 10 javelins
Armour
 e - a +2 pair of gloves of dexterity (worn)
 u - a +2 helmet (worn)
 z - the +3 warlock's mirror (worn) {omnireflect}
   (You acquired it on level 1 of the Lair of Beasts)

   Omnireflect: It can block and reflect piercing ranged attacks and magical
   attacks against the wielder's willpower.
 N - the +2 robe of Baldness (worn) {Contam Regen+ Int+6}
   (You took it off a deep elf pyromancer on level 3 of the Elven Halls)

   Int:       It affects your intelligence (+6).
   Contam:    It causes magical contamination when unequipped.
   Regen:     It increases your rate of health regeneration.
 Y - a +2 cloak of stealth (worn)
Magical Staves
 a - the staff of conjuration "Himusaet" (weapon) {rF+ Str+3}
   (You found it on level 5 of the Lair of Beasts)

   [staff of conjuration]

   Your inability to study Conjurations prevents you from drawing on the full
   power of this staff in melee.
   Base accuracy: +5 Base damage: 5 Base attack delay: 1.2 This weapon's minimum
   attack delay (0.6) is reached at skill level 12.
   Str:       It affects your strength (+3).
   rF:        It protects you from fire.
   It falls into the 'Staves' category.
   It is a one-handed weapon.
 w - the staff of earth "Goizawef" {rF+ Will++ rCorr Stlth+}
   (You found it on level 5 of the Pits of Slime)

   [staff of earth]

   Your inability to study Earth Magic prevents you from drawing on the full
   power of this staff in melee.
   Base accuracy: +5 Base damage: 5 Base attack delay: 1.2 This weapon's minimum
   attack delay (0.6) is reached at skill level 12.
   rF:        It protects you from fire.
   rCorr:     It protects you from acid and corrosion.
   Will:      It greatly increases your willpower.
   Stlth:     It makes you more stealthy.
   It falls into the 'Staves' category.
   It is a one-handed weapon.
Jewellery
 k - a ring of willpower
 n - the amulet "Deeraqy" (around neck) {Faith Fly rC+ Regen+}
   (You found it on level 3 of the Elven Halls)

   [amulet of faith]

   It allows you to gain divine favour quickly.
   rC:        It protects you from cold.
   Fly:       It grants you flight.
   Regen:     It increases your rate of health regeneration.
 r - a ring of see invisible (left hand)
 s - a ring of protection from cold
 C - a +4 ring of protection
 D - a ring of ice (right hand) {=R}
 J - a ring of resist corrosion
 W - the ring of Activism {Fly rN+ Str+3}
   (You found it on level 1 of the Vaults)

   [ring of flight]

   Str:       It affects your strength (+3).
   rN:        It protects you from negative energy.
   Fly:       It grants you flight.
Wands
 l - a wand of digging (16)
 Q - a wand of light (31)
 R - a wand of roots (2)
Scrolls
 c - 16 scrolls of teleportation
 d - 13 scrolls of poison
 h - 6 scrolls of immolation
 i - 3 scrolls of silence
 t - 16 scrolls of fog
 v - 11 scrolls of fear
 x - a scroll of enchant armour
 A - a scroll of magic mapping
 B - 2 scrolls of brand weapon
 M - 7 scrolls of enchant weapon
 O - 25 scrolls of identify
 P - 4 scrolls of blinking
Potions
 f - 10 potions of might
 g - 14 potions of attraction
 p - 4 potions of haste
 q - 20 potions of curing
 E - 9 potions of resistance
 F - 4 potions of berserk rage
 H - 8 potions of brilliance
 K - 8 potions of cancellation
 S - a potion of ambrosia
 U - 2 potions of invisibility
 X - 7 potions of heal wounds
 Z - 5 potions of mutation
Miscellaneous
 G - a phantom mirror
 L - a lightning rod (4/4)


   Skills:
 + Level 22.8 Fighting
 - Level 12.0 Short Blades
 - Level 10.0 Throwing
 - Level 12.0 Armour
 - Level 22.0 Dodging
 - Level 8.0 Stealth
 - Level 12.0 Shields
 + Level 19.6 Spellcasting
 - Level 16.0 Invocations
 - Level 12.0 Evocations


You knew the following spells:

 Your Spells              Type           Power      Damage    Failure   Level
a - Foxfire               Conj/Fire      100%       2x1d9     0%          1
b - Freezing Cloud        Conj/Ice/Air   81%        6-21      0%          5
c - Volatile Blastmotes   Fire/Tloc      100%       2d18      0%          3
d - Inner Flame           Hex/Fire       100%       N/A       0%          3
e - Flame Wave            Conj/Fire      100%       2d21      0%          4
f - Sandblast             Erth           100%       2d20      0%          1
g - Blink                 Tloc           100%       N/A       0%          2
h - Summon Guardian Gole  Hex/Summ       100%       N/A       0%          3
i - Tukima's Dance        Hex            100%       N/A       0%          3
j - Anguish               Hex/Necr       56%        N/A       0%          4
k - Scorch                Fire           100%       2d9       0%          2
l - Dispersal             Tloc           56%        N/A       1%          6
m - Spellforged Servitor  Conj/Summ      68%        N/A       1%          7
n - Orb of Destruction    Conj           68%        9d16      1%          7
o - Lehudib's Crystal Sp  Conj/Erth      68%        10d16     1%          8
p - Discord               Hex            56%        N/A       1%          8
q - Borgnjor's Revivific  Necr           56%        N/A       1%          8
r - Chain Lightning       Conj/Air       68%        3d91      26%         9
Your spell library was empty.

Dungeon Overview and Level Annotations

Branches:
Dungeon (15/15)            Temple (0/1) D:6            Lair (5/5) D:10
 Shoals (4/4) Lair:2        Snake (4/4) Lair:2        Slime (5/5) Lair:4
    Orc (2/2) D:11            Elf (3/3) Orc:2        Vaults (4/5) D:13
  Crypt (0/3) Vaults:3     Depths (4/4) D:15            Zot (5/5) Depths:4
Ossuary (visited)          Bailey (visited)           IceCv (visited)
 WizLab (visited)

Altars:
Ashenzari
Gozag
Makhleb
Okawaru
Qazlal
Trog
Xom
Zin
The Shining One
Jiyva

Shops:
D:11 (   Orc:2 *(*=(   Elf:1 (   Shoals:1 :   Shoals:4 [   Snake:1 **=
Snake:3 :   Snake:4 =   Vaults:1 [   Vaults:3 =   Depths:1 *

Portals:
Hell: Depths:1 Depths:2 Depths:3 Depths:4
Abyss: Depths:3
Pandemonium: Depths:2 Depths:3 Depths:4
Ziggurat: Depths:1
Trove: Vaults:2 (give +2 ice dragon scales)

Annotations:
D:9 1 runed translucent door, exclusion: orange crystal statue
Shoals:2 Roxanne
Snake:3 1 runed translucent door, Huan's ghost, journeyman NaFE
Snake:4 Bai Suzhen


Innate Abilities, Weirdness & Mutations

You are immune to sickness and miasma.
You are immune to poison.
Your flesh is very heat resistant. (rF++)
You are vulnerable to cold. (rC-)
You float through the air rather than walking.
You learn spells naturally, not from books.
Your magical power is your life essence.
You have superior vitality. (+4 MHP)


Message History

Casting: Freezing Cloud (safe; 0% risk of failure)
Confirm with . or Enter, or press ? or * to list all spells.
Aiming: Freezing Cloud (safe; 0% risk of failure)
Press: ? - help, Dir - move target, f - you You feel a strong surge of power!
That beam is likely to hit you.
Continue anyway?
Okay, then.
Casting: Freezing Cloud (safe; 0% risk of failure)
Confirm with . or Enter, or press ? or * to list all spells.
Aiming: Freezing Cloud (safe; 0% risk of failure)
Press: ? - help, Dir - move target, f - you You feel a strong surge of power!
That beam is likely to hit you.
Continue anyway?
You are engulfed in freezing vapours.
You resist.
The sixfirhy is engulfed in freezing vapours.
You are engulfed in freezing vapours.
You resist.
The cacodemon is engulfed in freezing vapours.
The cacodemon is engulfed in freezing vapours.
You feel a surge of power!
The sixfirhy hits you but does no damage.
The sixfirhy misses you.
The wavering orb of destruction hits the sixfirhy!!!
You blow up the sixfirhy!
The cacodemon is engulfed in freezing vapours.
You feel a surge of power! The cacodemon misses you.
The cacodemon hits you but does no damage.
The wavering orb of destruction hits the cacodemon!!!
The cacodemon is almost dead.
Casting: Orb of Destruction (mildly dangerous; 1% risk of failure)
Confirm with . or Enter, or press ? or * to list all spells.
Aiming: Lehudib's Crystal Spear (dangerous; 2% risk of failure)
Press: ? - help, Shift-Dir - straight line, f/p - cacodemon
Aim: a cacodemon (almost dead, 84% to hit)
You feel a surge of power!
The crystal spear hits the cacodemon!!!!
You kill the cacodemon!
Zin accepts your kill.
There is a staircase leading out of the dungeon here.
Zin grants you divine stamina.
You have escaped!

###### ###### ######
#....####....####....##
#.....##......##......#
##.##..##..##..##..##..#
#..##..##..#....#..##..#
#####
#.###..##..#.@..#..##..#
#...# #.#
#..##..##..##..##..###..>#
#.#
#......##......##.....)..#
#.#
##....####....####........
#.# ###### ######
#####...# ####.###
########....# #......#
##........#### #......###
##..#...#..# #........##
#...#.....##


There were no monsters in sight!

Vanquished Creatures
  the Royal Jelly (Slime:5)
  3 ancient liches
  2 orbs of fire (Zot:5)
  A juggernaut (Depths:2)
  6 Killer Klowns
  2 caustic shrikes
  A curse toe (Zot:2)
  5 golden dragons
  the Enchantress (Depths:4)
  6 electric golems
  3 liches
  Mlioglotl (Shoals:3)
  Rupert (Lair:4)
  8 tentacled monstrosities
  24 Orb Guardians
  Asterion (Vaults:2)
  A deep elf blademaster (Elf:3)
  A titan (Depths:1)
  2 walking divine tomes
  A quicksilver dragon (Zot:2)
  4 deep elf master archers
  4 sphinxes
  16 acid blobs
  An ancient champion (Depths:1)
  2 death cobs
  Kirke (D:15)
  2 krakens
  A thorn hunter (WizLab)
  5 storm dragons
  5 shadow dragons
  7 tengu reavers
  Ilsuiw (Shoals:4)
  Agnes (D:15)
  17 azure jellies
  19 rockslimes
  3 fenstrider witches (WizLab)
  2 draconian knights
  5 fire giants
  15 nagarajas
  6 frost giants
  Donald (Shoals:3)
  An emperor scorpion (shapeshifter) (Depths:2)
  8 deep elf sorcerers
  5 vault wardens
  8 draconian shifters
  A balrug (Depths:2)
  20 ironbound preservers
  5 deep elf elementalists (Elf:3)
  2 ghost moths
  A cacodemon (D:1)
  5 spriggan defenders
  2 orc warlords (Vaults:3)
  A draconian scorcher (Zot:5)
  A war gargoyle (Vaults:1)
  7 draconian stormcallers
  9 ironbound thunderhulks
  8 stone giants
  10 quicksilver oozes
  A vampire knight (Depths:4)
  4 very ugly things
  8 green draconians
  4 deep elf demonologists
  A black draconian (Zot:5)
  2 eleionomae (WizLab)
  4 dire elephants
  A lorocyproca (D:7)
  6 white draconians
  5 yellow draconians
  7 spark wasps
  Azrael (D:15)
  7 purple draconians
  5 deep elf annihilators
  8 red draconians
  An eidolon (Vaults:3)
  5 deep elf death magi (Elf:3)
  7 yaktaur captains
  8 fire dragons
  A crystal guardian (Vaults:4)
  9 ettins
  3 merfolk impalers (Shoals:4)
  A green death (Depths:3)
  2 jiangshi (Depths:4)
  3 merfolk javelineers
  A hydra (D:15)
  4 deep elf high priests
  2 vault guards (Vaults:1)
  9 great orbs of eyes
  Erolcha (D:11)
  2 shambling mangroves (WizLab)
  4 rakshasas
  2 catoblepae
  8 centaur warriors
  10 ice dragons
  3 merfolk avatars
  3 spriggan air magi
  A peacekeeper (Vaults:4)
  11 anacondas
  A hell beast (Depths:1)
  2 salamander tyrants
  7 ironbound frosthearts
  2 alligator snapping turtles
  7 satyrs
  14 dancing weapons
  8 two-headed ogres
  3 merfolk aquamancers (Shoals:4)
  26 naga warriors
  A hell hog (Depths:1)
  A boulder beetle (D:14)
  4 vampire magi
  16 death yaks
  5 deep troll shamans
  An orc high priest (Orc:2)
  15 tengu warriors
  18 naga sharpshooters
  5 spriggan berserkers
  6 deep troll earth magi
  8 shock serpents
  A sun demon (Zot:5)
  12 deep elf knights
  12 hell knights
  9 iron trolls
  2 skeletal warriors (Vaults:3)
  4 spriggans
  A shadow wraith (D:13)
  4 skysharks
  5 salamander mystics
  3 sixfirhies
  8 sea snakes
  A quicksilver dragon simulacrum (Depths:1)
  46 deep trolls
  14 deep elf archers
  Pikel (D:8)
  9 ironbound convokers
  2 flayed ghosts (Depths:3)
  8 naga ritualists
  A steelbarb worm (shapeshifter) (Depths:4)
  3 glowing orange brains
  A nameless horror (Vaults:2)
  13 orc knights
  17 lindwurms
  15 harpies
  5 wizards
  7 necromancers
  24 deep elf pyromancers
  22 deep elf zephyrmancers
  8 cyclopes
  25 fauns
  An orc sorcerer (Orc:2)
  12 mana vipers
  22 ugly things
  15 salamanders
  4 shining eyes
  3 oklob plants (WizLab)
  19 elephants
  18 manticores
  40 black mambas
  27 moths of wrath
  9 guardian serpents
  8 water nymphs
  20 naga magi
  2 eyes of devastation
  10 cane toads
  10 merfolk sirens
  2 molten gargoyles (Lair:5)
  An ice statue (IceCv)
  An orange demon (Depths:2)
  A smoke demon (Depths:2)
  12 vault sentinels
  Maggie (D:8)
  Joseph (D:8)
  A kobold demonologist (D:13)
  2 unseen horrors
  3 rime drakes
  4 freezing wraiths
  2 anaconda simulacra (IceCv)
  12 yaktaurs
  15 ice devils
  2 efreet
  13 komodo dragons
  A troll (shapeshifter) (D:14)
  3 polar bears
  4 tengu conjurers
  5 wind drakes
  4 trolls
  A hellwing (D:13)
  32 merfolk
  10 hornets
  A wind drake (shapeshifter) (D:11)
  10 dream sheep
  7 blink frogs
  A large abomination (D:10)
  76 slime creatures
  7 snapping turtles
  2 air elementals
  An ettin skeleton (Vaults:2)
  An elf simulacrum (Vaults:2)
  14 water elementals
  A dire elephant simulacrum (IceCv)
  A ynoxinul (D:11)
  A shadow (D:9)
  2 hogs (D:15)
  2 steam dragons
  19 yaks
  19 golden eyes
  4 basilisks
  7 wyverns
  8 fire elementals
  A chaos spawn (Depths:3)
  A redback (shapeshifter) (Depths:3)
  A yaktaur simulacrum (Vaults:2)
  48 nagas
  A harpy simulacrum (IceCv)
  2 acid dragons
  10 vampire mosquitoes
  4 death yak simulacra (IceCv)
  A swamp worm (shapeshifter) (Elf:3)
  3 hydra simulacra (IceCv)
  An ogre zombie (Vaults:2)
  7 hell hounds
  A floating eye (Depths:2)
  16 water moccasins
  2 black bears
  A floating eye (shapeshifter) (Elf:3)
  46 orc warriors
  An ice beast (shapeshifter) (Vaults:2)
  A boggart (shapeshifter) (Depths:3)
  20 centaurs
  6 ogres
  26 wolves
  A wolf (shapeshifter) (D:15)
  A boggart (Vaults:3)
  A phantom (D:7)
  3 lemures (D:8)
  8 bullfrogs
  A kobold brigand (D:4)
  A gnoll sergeant (D:9)
  2 earth elementals
  3 water moccasin zombies (Ossuary)
  7 cane toad simulacra (IceCv)
  24 wights
  13 killer bees
  3 elephant simulacra (IceCv)
  4 howler monkeys
  An electric eel (Lair:3)
  5 lava snakes (Lair:5)
  3 hounds
  A jelly (D:7)
  15 orc priests
  25 orc wizards
  6 iguanas
  A sleepcap (D:7)
  4 troll simulacra (IceCv)
  3 polar bear simulacra (IceCv)
  A spriggan simulacrum (IceCv)
  3 wolf simulacra (IceCv)
  3 mummies
  10 adders
  16 gnolls
  A naga simulacrum (IceCv)
  14 white imps
  5 adder zombies (Ossuary)
  4 worms
  4 dart slugs
  92 orcs
  12 endoplasms
  2 giant cockroaches
  2 gnoll zombies (Ossuary)
  9 goblins
  7 hobgoblins
  4 kobolds
  4 quokkas (D:1)
  2 ball pythons
  4 bats
  2 frilled lizards
  5 hobgoblin zombies (Ossuary)
  7 kobold zombies
  9 orc zombies
  5 rats
  A bush (Lair:2)
  A tentacle (Shoals:2)
1983 creatures vanquished.

Vanquished Creatures (collateral kills)
  A dread lich (Zot:5)
  2 orbs of fire (Zot:5)
  A juggernaut (Depths:3)
  2 Killer Klowns (Zot:5)
  3 golden dragons
  An electric golem (Zot:5)
  3 tentacled monstrosities (Zot:2)
  3 Orb Guardians (Zot:5)
  8 acid blobs
  A quicksilver dragon (Zot:2)
  A walking frostbound tome (Depths:3)
  A death cob (Zot:2)
  4 shadow dragons
  3 storm dragons
  A tengu reaver (Depths:1)
  2 rockslimes
  2 draconian monks
  6 azure jellies
  2 fire giants (Depths:2)
  A vault warden (Vaults:4)
  A draconian knight (Zot:1)
  2 deep elf sorcerers (Elf:3)
  2 frost giants
  An iron dragon (Depths:3)
  4 draconian scorchers
  2 draconian stormcallers
  A war gargoyle (Vaults:3)
  A quicksilver ooze (Slime:4)
  5 very ugly things
  2 draconian annihilators
  3 spriggan defenders (Depths:4)
  5 stone giants
  An ironbound preserver (Vaults:4)
  2 ironbound thunderhulks (Vaults:3)
  A deep elf demonologist (Elf:2)
  A vampire knight (Depths:2)
  2 black draconians
  5 yellow draconians
  3 red draconians
  3 spark wasps
  A deep elf annihilator (Elf:3)
  3 green draconians
  A white draconian (Zot:4)
  5 purple draconians
  3 dire elephants (Vaults:3)
  An ettin (Depths:2)
  3 great orbs of eyes
  6 ice dragons
  2 peacekeepers
  A spriggan air mage (Depths:4)
  A spriggan skeleton (Depths:2)
  A spriggan berserker (Depths:2)
  19 dancing weapons
  A deep troll earth mage (Depths:1)
  A vampire mage (Depths:4)
  A deep troll shaman (Depths:2)
  4 hell knights
  4 deep elf knights (Elf:2)
  2 iron trolls
  A flayed ghost (Depths:3)
  6 deep trolls
  2 deep elf archers (Elf:2)
  A golden dragon skeleton (Depths:2)
  A phantasmal warrior (Vaults:3)
  2 deep elf pyromancers
  4 deep elf zephyrmancers
  A shining eye (Slime:5)
  A frost giant zombie (Depths:2)
  3 ugly things
  A rust devil (Depths:3)
  4 moths of wrath
  A stone giant skeleton (Depths:2)
  An orange demon (Depths:3)
  An eye of devastation (Slime:1)
  A yaktaur (Vaults:3)
  A tengu conjurer (Depths:4)
  A frost giant simulacrum (Depths:2)
  15 slime creatures
  An air elemental (Elf:2)
  A spriggan (Depths:4)
  2 water elementals (Depths:2)
  A floating eye (Depths:4)
  An earth elemental (Elf:2)
  3 foxfires
212 creatures vanquished.

Vanquished Creatures (others)
  An electric golem (Zot:2)
  A deep elf blademaster (Elf:3)
  2 death cobs (Zot:2)
  2 storm dragons (Zot:2)
  A draconian monk (Zot:1)
  A frost giant (Depths:4)
  Aizul (Shoals:4)
  A draconian scorcher (Zot:2)
  A very ugly thing (Depths:4)
  A draconian stormcaller (Zot:2)
  A green draconian (Zot:2)
  2 yellow draconians (Zot:2)
  2 red draconians
  A jiangshi (Depths:4)
  An ogre mage (D:11)
  A death yak (Lair:5)
  A shock serpent (shapeshifter) (D:13)
  A deep elf knight (Elf:3)
  2 yaks (D:10)
  A naga (Snake:4)
  A water moccasin (D:10)
  An ogre (D:11)
  3 centaurs (D:11)
  An orc (D:10)
  792 foxfires
  34 fungi
  266 plants
  12 tentacles
1135 creatures vanquished.

Grand Total: 3330 creatures vanquished

Notes
Turn   | Place    | Note
-------+----------+-------------------------------------------
     0 | D:1      | juan097 the Djinni Fire Elementalist began the quest for
                  | the Orb.
     0 | D:1      | juan097 set off with the following spells memorised:
                  | Foxfire, Scorch, Volatile Blastmotes, Inner Flame, Flame
                  | Wave.
     0 | D:1      | Reached XP level 1. HP: 15/15 MP: 0/0
   158 | D:1      | Reached XP level 2. HP: 21/22 MP: 0/0
   248 | D:1      | Reached skill level 1 in Fighting
   263 | D:1      | Reached XP level 3. HP: 26/27 MP: 0/0
   263 | D:1      | Learned a level 1 spell: Sandblast
   683 | D:2      | Reached XP level 4. HP: 32/32 MP: 0/0
   686 | D:2      | Found a faded altar of an unknown god.
   958 | D:2      | Prayed at the altar of an unknown god.
   958 | D:2      | Became a worshipper of Zin the Law-Giver
   958 | D:2      | Reached * piety under Zin
  1666 | D:3      | Reached XP level 5. HP: 33/38 MP: 0/0
  1666 | D:3      | Learned a level 2 spell: Blink
  1824 | D:3      | Found a bloodstained altar of Trog.
  2148 | D:3      | Reached ** piety under Zin
  2243 | D:3      | Found a faded altar of an unknown god.
  2243 | D:3      | Found a broken altar of Ashenzari.
  2249 | D:3      | Found a burning altar of Makhleb.
  2253 | D:3      | Found a faded altar of an unknown god.
  2890 | D:4      | Found a stormy altar of Qazlal.
  2955 | D:4      | Reached XP level 6. HP: 38/45 MP: 0/0
  3559 | D:4      | Reached XP level 7. HP: 43/51 MP: 0/0
  3559 | D:4      | Learned a level 3 spell: Summon Guardian Golem
  3606 | D:4      | Reached skill level 1 in Invocations
  3874 | D:5      | Entered Level 5 of the Dungeon
  4544 | D:5      | Reached XP level 8. HP: 52/58 MP: 0/0
  5213 | D:6      | Found a staircase to the Ecumenical Temple.
  5214 | D:6      | Reached *** piety under Zin
  5547 | D:6      | Reached skill level 5 in Fighting
  6158 | D:7      | Found a sand-covered staircase.
  6195 | D:7      | Reached **** piety under Zin
  6208 | Ossuary  | Entered an ossuary
  6313 | Ossuary  | Reached skill level 5 in Dodging
  6523 | Ossuary  | Reached XP level 9. HP: 64/65 MP: 0/0
  6523 | Ossuary  | Learned a level 3 spell: Tukima's Dance
  6573 | Ossuary  | Reached skill level 5 in Spellcasting
  6989 | D:7      | Reached ***** piety under Zin
  7115 | D:7      | Was placed under penance by Zin
  7252 | D:7      | Found a glowing silver altar of Zin.
  8087 | D:8      | Found a flagged portal.
  8096 | D:8      | Noticed Joseph
  8114 | D:8      | Killed Joseph
  8183 | D:8      | Noticed Pikel
  8208 | D:8      | Killed Pikel
  8209 | D:8      | Reached skill level 1 in Armour
  8209 | D:8      | Reached XP level 10. HP: 35/76 MP: 0/0
  8337 | Bailey   | Entered a bailey
  8522 | Bailey   | Noticed an orc knight
  8634 | Bailey   | Noticed an orc knight
  8648 | Bailey   | Killed an orc knight
  8649 | Bailey   | Reached skill level 5 in Invocations
  8675 | Bailey   | Killed an orc knight
  8774 | Bailey   | Was forgiven by Zin
  8947 | D:8      | Found an iron altar of Okawaru.
  9010 | D:8      | Noticed a two-headed ogre
  9097 | D:8      | Killed a two-headed ogre
  9098 | D:8      | Reached XP level 11. HP: 8/84 MP: 0/0
  9098 | D:8      | Learned a level 4 spell: Anguish
  9843 | D:8      | Noticed Maggie
  9855 | D:8      | Killed Maggie
 10000 | D:9      | Found a runed translucent door.
 10120 | D:9      | Found a runed translucent door.
 10132 | D:9      | Found a runed translucent door.
 10326 | D:9      | Found a runed translucent door.
 10705 | D:9      | Reached skill level 10 in Fighting
 11305 | D:9      | Noticed an orange crystal statue
 11428 | D:10     | Entered Level 10 of the Dungeon
 12144 | D:10     | Reached skill level 1 in Short Blades
 12179 | D:10     | Noticed a two-headed ogre
 12186 | D:10     | Killed a two-headed ogre
 12230 | D:10     | Noticed a two-headed ogre
 12239 | D:10     | Killed a two-headed ogre
 12413 | D:10     | Reached skill level 5 in Armour
 12419 | D:10     | Reached XP level 12. HP: 66/92 MP: 0/0
 12473 | D:10     | Found a staircase to the Lair.
 13066 | D:11     | Identified a scroll of acquirement
 13068 | D:11     | Noticed Erolcha
 13092 | D:11     | Killed Erolcha
 13519 | D:11     | Found a staircase to the Orcish Mines.
 13564 | D:11     | Noticed a two-headed ogre
 13574 | D:11     | Killed a two-headed ogre
 13645 | D:11     | Found Qallenug's Weapon Shop.
 13656 | D:11     | Noticed an ogre mage
 13696 | D:11     | Killed an ogre mage
 13707 | D:11     | Noticed a two-headed ogre
 13715 | D:11     | Killed a two-headed ogre
 13743 | D:11     | Noticed a two-headed ogre
 13754 | D:11     | Reached skill level 1 in Throwing
 13754 | D:11     | Killed a two-headed ogre
 14184 | Lair:1   | Entered Level 1 of the Lair of Beasts
 14233 | Lair:1   | Reached XP level 13. HP: 98/101 MP: 0/0
 14233 | Lair:1   | Learned a level 5 spell: Freezing Cloud
 14547 | Lair:1   | Reached ****** piety under Zin
 14913 | Lair:1   | You are sucked into a shaft and drop 1 floor!
 15159 | Lair:2   | Found a staircase to the Snake Pit.
 15230 | Lair:2   | Found a staircase to the Shoals.
 15780 | Lair:1   | Identified the +0 robe of the Centipede {-Tele rF+++ Str+5}
 16417 | Lair:1   | Acquired the +3 warlock's mirror {omnireflect}
 16417 | Lair:1   | Found the +3 warlock's mirror {omnireflect}
 16555 | Lair:2   | Reached skill level 1 in Shields
 16700 | Lair:2   | Identified the +7 sling "Jero" {elec, Drain rPois rC++
                  | Dex+2}
 17783 | Lair:4   | Identified the +0 long sword of Elesuc {antimagic, rN+
                  | SInv}
 17909 | Lair:4   | Reached XP level 14. HP: 84/108 MP: 0/0
 18171 | Lair:4   | Found a viscous altar of Jiyva.
 18171 | Lair:4   | Found a staircase to the Slime Pits.
 18281 | Lair:4   | Noticed Rupert
 18439 | Lair:5   | Entered Level 5 of the Lair of Beasts
 18451 | Lair:5   | Reached skill level 10 in Dodging
 19009 | Lair:5   | Reached skill level 10 in Spellcasting
 19463 | Lair:5   | Found a large runed translucent door.
 19463 | Lair:5   | Found a large runed translucent door.
 19514 | Lair:5   | Reached XP level 15. HP: 113/117 MP: 0/0
 19514 | Lair:5   | Learned a level 6 spell: Dispersal
 19806 | Lair:5   | Identified the staff of conjuration "Himusaet" {rF+ Str+3}
 20061 | Orc:1    | Entered Level 1 of the Orcish Mines
 20158 | Orc:2    | Entered Level 2 of the Orcish Mines
 20158 | Orc:2    | Found Jumagh's Antique Weapon Emporium.
 20229 | Orc:2    | Found a frozen archway.
 20264 | IceCv    | Entered an ice cave
 20414 | IceCv    | Reached skill level 5 in Shields
 21894 | Orc:2    | Found Siziap's Weapon Boutique.
 21894 | Orc:2    | Found Emunle Fiusy's General Store.
 21894 | Orc:2    | Found Oroutab's Jewellery Shoppe.
 21914 | Orc:2    | Found Ethrusch's General Store.
 22106 | Orc:2    | Found a staircase to the Elven Halls.
 22282 | Orc:2    | Bought 6 curare-tipped darts for 100 gold pieces
 22323 | Orc:2    | Bought a slimy morningstar for 198 gold pieces
 22323 | Orc:2    | Identified the +6 morningstar of the Carved God {freeze,
                  | Contam rF++ rCorr} (You bought it in a shop on level 2 of
                  | the Orcish Mines)
 22328 | Orc:2    | Bought a shimmering whip for 165 gold pieces
 22328 | Orc:2    | Identified the +3 whip "Gocecen" {drain, rC++} (You bought
                  | it in a shop on level 2 of the Orcish Mines)
 23843 | D:13     | Reached XP level 16. HP: 103/124 MP: 0/0
 24024 | D:13     | Found a gate to the Vaults.
 24264 | D:14     | Reached skill level 15 in Fighting
 24560 | D:14     | Reached skill level 10 in Invocations
 25240 | D:15     | Entered Level 15 of the Dungeon
 25296 | D:15     | Noticed Kirke
 25301 | D:15     | Noticed a fire giant
 25307 | D:15     | Killed Kirke
 25312 | D:15     | Found a staircase to the Depths.
 25325 | D:15     | Killed a fire giant
 25469 | D:15     | Noticed Agnes
 25476 | D:15     | Killed Agnes
 25654 | D:15     | Noticed Azrael
 25669 | D:15     | Killed Azrael
 26295 | Snake:1  | Entered Level 1 of the Snake Pit
 26419 | Shoals:1 | Entered Level 1 of the Shoals
 26491 | Shoals:1 | Found Huruj's Book Emporium.
 27668 | Shoals:2 | Noticed Roxanne
 27739 | Shoals:2 | Reached XP level 17. HP: 112/133 MP: 0/0
 27739 | Shoals:2 | Learned a level 7 spell: Spellforged Servitor
 27907 | Shoals:2 | Noticed a kraken
 27918 | Shoals:2 | Killed a kraken
 28588 | Shoals:3 | Noticed Mlioglotl
 28603 | Shoals:3 | Killed Mlioglotl
 28830 | Shoals:3 | Reached skill level 1 in Evocations
 28924 | Shoals:3 | Identified the +0 kite shield of the Eye-covered God {rElec
                  | Int+2 Dex-4}
 28924 | Shoals:3 | Noticed Donald
 28937 | Shoals:3 | Killed Donald
 30249 | Snake:1  | Found Resouwou's General Store.
 30251 | Snake:1  | Found Yphur's General Store.
 30254 | Snake:1  | Found Xifo's Jewellery Shop.
 30280 | Snake:1  | Bought a scroll of identify for 32 gold pieces
 30280 | Snake:1  | Bought a scroll of poison for 64 gold pieces
 30302 | Snake:1  | Bought a scroll of acquirement for 1040 gold pieces
 30303 | Snake:1  | Acquired a manual of Dodging
 30607 | Snake:1  | Reached XP level 18. HP: 122/141 MP: 0/0
 31451 | Snake:2  | Identified the +6 chain mail of Hepliaklqana's Esteem
                  | {rPois}
 32768 | Snake:3  | Found Xoozae's Book Emporium.
 33229 | Snake:3  | Found a runed translucent door.
 33230 | Snake:3  | Found a shimmering altar of Xom.
 33230 | Snake:3  | Noticed Huan's ghost (journeyman NaFE)
 33446 | Snake:4  | Entered Level 4 of the Snake Pit
 33594 | Snake:4  | Reached skill level 10 in Armour
 33599 | Snake:4  | Noticed Bai Suzhen
 33822 | Snake:4  | Found Xette's Jewellery Emporium.
 34647 | Snake:4  | Reached XP level 19. HP: 147/148 MP: 0/0
 34647 | Snake:4  | Learned a level 7 spell: Orb of Destruction
 34721 | Snake:4  | Reached skill level 15 in Dodging
 37423 | Snake:4  | Got a serpentine rune of Zot
 37822 | Shoals:4 | Entered Level 4 of the Shoals
 37923 | Shoals:4 | Noticed Aizul
 37942 | Shoals:4 | Killed Aizul
 38106 | Shoals:4 | Noticed Ilsuiw
 38119 | Shoals:4 | Killed Ilsuiw
 38236 | Shoals:4 | Reached skill level 10 in Shields
 38502 | Shoals:4 | Reached XP level 20. HP: 149/156 MP: 0/0
 38560 | Shoals:4 | Got a barnacled rune of Zot
 38615 | Shoals:4 | Found Vusecs's Antique Armour Shop.
 38624 | Shoals:4 | Bought a pair of embroidered gloves for 187 gold pieces
 39823 | Lair:4   | Killed Rupert
 40189 | Vaults:1 | Entered Level 1 of the Vaults
 40672 | Vaults:1 | Identified the +5 ring mail of the Moon {rPois rF+ rC+}
 41318 | Vaults:1 | Identified the ring of Activism {Fly rN+ Str+3}
 41589 | Vaults:1 | Found Teryo's Antique Armour Emporium.
 41756 | Vaults:1 | Bought a pair of glowing gloves for 180 gold pieces
 42210 | Vaults:2 | Noticed a dread lich
 42396 | Vaults:2 | Found a flickering gateway to a bazaar.
 42419 | Bazaar   | Entered a bazaar
 42425 | Bazaar   | Found Qogi's Antique Armour Shoppe.
 42427 | Bazaar   | Found Anomah's Jewellery Shoppe.
 42443 | Bazaar   | Found Ivigit's Distillery.
 42476 | Bazaar   | Found Appeseshre's Magic Scroll Boutique.
 42516 | Bazaar   | Bought a potion of heal wounds for 70 gold pieces
 42516 | Bazaar   | Bought a potion of resistance for 140 gold pieces
 42516 | Bazaar   | Bought a potion of haste for 140 gold pieces
 42516 | Bazaar   | Bought a potion of heal wounds for 70 gold pieces
 42516 | Bazaar   | Bought a potion of cancellation for 112 gold pieces
 42525 | Bazaar   | Bought a ring of willpower for 275 gold pieces
 42601 | Vaults:2 | Noticed Asterion
 42615 | Vaults:2 | Killed Asterion
 42800 | Vaults:2 | Paralysed by a dread lich for 2 turns
 42971 | Vaults:2 | Reached skill level 5 in Evocations
 43077 | Vaults:2 | Reached skill level 5 in Stealth
 43214 | Vaults:2 | Reached XP level 21. HP: 144/162 MP: 0/0
 43214 | Vaults:2 | Learned a level 8 spell: Lehudib's Crystal Spear
 43845 | Vaults:2 | Noticed a Tzitzimitl
 44026 | Vaults:2 | Identified the +11 glaive "Vokekuac" {speed, +Blink Will-
                  | Str+5}
 44232 | Vaults:2 | Paralysed by a dread lich for 3 turns
 44238 | Vaults:2 | Noticed a Tzitzimitl
 44527 | Vaults:2 | Found a portal to a secret trove of treasure.
 44592 | Vaults:2 | Paralysed by a dread lich for 3 turns
 45216 | Vaults:2 | You are sucked into a shaft and drop 2 floors!
 45855 | Vaults:3 | Found Axtaocudo's Jewellery Boutique.
 46177 | Vaults:3 | Found a magical portal.
 46199 | WizLab   | Entered Eringya's Formal Garden
 46876 | WizLab   | Reached skill level 15 in Spellcasting
 46967 | WizLab   | Found a blossoming altar of Fedhas.
 47338 | Vaults:3 | Reached XP level 22. HP: 75/168 MP: 0/0
 48442 | Vaults:3 | Found a staircase to the Crypt.
 49492 | Vaults:4 | Identified the +3 shortbow "Qubruos" {flame, Drain rN+
                  | SInv}
 50037 | Vaults:4 | Reached skill level 5 in Short Blades
 50927 | Elf:1    | Entered Level 1 of the Elven Halls
 51211 | Elf:1    | You are sucked into a shaft and drop 1 floor!
 51211 | Elf:2    | Found a runed translucent gate.
 51211 | Elf:2    | Found a runed translucent gate.
 51211 | Elf:2    | Found a runed translucent gate.
 51632 | Elf:2    | Paralysed by an air elemental for 1 turns
 51634 | Elf:2    | Paralysed by an air elemental for 1 turns
 52081 | Elf:2    | Reached skill level 10 in Evocations
 52225 | Elf:2    | Reached XP level 23. HP: 174/175 MP: 0/0
 52225 | Elf:2    | Learned a level 8 spell: Discord
 52478 | Elf:2    | Identified the +6 dagger "Hell-Harrower" {venom, *Corrode
                  | Dex+5}
 52759 | Elf:1    | Reached skill level 5 in Throwing
 52992 | Elf:1    | Found Mogof's Antique Weapon Shop.
 53021 | Elf:1    | Bought a bloodstained scimitar for 288 gold pieces
 53021 | Elf:1    | Identified the +0 scimitar of the Mosquito {venom, rC+
                  | Str-2 Stlth+} (You bought it in a shop on level 1 of the
                  | Elven Halls)
 53334 | Elf:3    | Entered Level 3 of the Elven Halls
 53852 | Elf:3    | Identified the amulet "Deeraqy" {Faith Fly rC+ Regen+}
 54223 | Elf:3    | Identified the +7 hand axe of Xoliaxarph {protect, +Blink
                  | rPois rC+}
 54231 | Elf:3    | Identified the +5 glaive of Kismet {freeze, Dex+4}
 54231 | Elf:3    | Identified the staff of air "Qocela" {rElec rCorr Dex+4}
 54231 | Elf:3    | Identified the +3 trident of Inim {speed, Stlth+}
 54395 | Elf:3    | Identified the +5 short sword "Deh Jime" {vamp, Contam
                  | Dex+4 Stlth+}
 54883 | Elf:3    | Identified the staff of air "Aqaus" {rElec rC+ Str+2 Int+5
                  | Dex-4}
 54926 | Elf:3    | Identified the staff of poison "Neguymel" {rPois rN+ Will+}
 55056 | Elf:3    | Identified the +2 robe of Baldness {Contam Regen+ Int+6}
 56243 | Depths:1 | Entered Level 1 of the Depths
 56408 | Depths:1 | Identified the +7 quarterstaff "Motam" {holy, rElec rPois
                  | rF- rN++}
 56429 | Depths:1 | Reached skill level 10 in Short Blades
 56434 | Depths:1 | HP: 3/175 [stone giant/large rock (46)]
 56798 | Depths:1 | Found a gateway to Hell.
 56915 | Depths:1 | Reached XP level 24. HP: 133/181 MP: 0/0
 57067 | Depths:1 | Found Urghuch's Assorted Antiques.
 57409 | Depths:1 | Identified the staff of conjuration "Fapeg" {rN+}
 57462 | Depths:1 | Found a one-way gateway to a ziggurat.
 57472 | Depths:1 | Paralysed by a floating eye for 4 turns
 57480 | Depths:1 | Paralysed by a floating eye for 4 turns
 57505 | Depths:1 | Paralysed by a floating eye for 3 turns
 57564 | Depths:1 | Paralysed by a floating eye for 4 turns
 57577 | Depths:1 | Paralysed by a floating eye for 3 turns
 57975 | Depths:2 | Reached skill level 15 in Invocations
 57979 | Depths:2 | You are sucked into a shaft and drop 2 floors!
 57979 | Depths:4 | Entered Level 4 of the Depths
 57980 | Depths:4 | Noticed a golden dragon
 57994 | Depths:4 | Paralysed by a floating eye for 2 turns
 58022 | Depths:4 | Killed a golden dragon
 58023 | Depths:4 | Reached skill level 10 in Throwing
 58301 | Depths:3 | Found a one-way gate to the infinite horrors of the Abyss.
 58767 | Depths:2 | Found a one-way gate leading to the halls of Pandemonium.
 59095 | Depths:2 | Identified the +9 falchion of Dubalaat {holy, rElec rC+}
 59294 | Depths:2 | Found a broken altar of Ashenzari.
 59376 | Depths:2 | Identified the +5 shortbow "Qiuda" {elec, rF+ SInv}
 59495 | Depths:2 | Noticed a juggernaut
 59557 | Depths:2 | Noticed a caustic shrike
 59568 | Depths:1 | Killed a caustic shrike
 59569 | Depths:1 | Reached XP level 25. HP: 127/189 MP: 0/0
 59569 | Depths:1 | Learned a level 8 spell: Borgnjor's Revivification
 59711 | Depths:2 | Found an opulent altar of Gozag.
 59729 | Depths:2 | Killed a juggernaut
 61057 | Depths:3 | Noticed a caustic shrike
 61066 | Depths:3 | Killed a caustic shrike
 61648 | Depths:3 | Noticed a juggernaut
 61669 | Depths:3 | Killed a juggernaut
 61801 | Depths:3 | Identified the +4 ring mail of the Hills {Dex+2 Slay+2}
 61971 | Depths:3 | Found a glowing golden altar of the Shining One.
 62095 | Depths:4 | Noticed the Enchantress
 62102 | Depths:4 | Killed the Enchantress
 62673 | Depths:4 | Found a gate to the Realm of Zot.
 63278 | Slime:1  | Entered Level 1 of the Pits of Slime
 63300 | Slime:1  | Reached XP level 26. HP: 183/200 MP: 0/0
 64140 | Slime:5  | Entered Level 5 of the Pits of Slime
 64738 | Slime:5  | Noticed the Royal Jelly
 64942 | Slime:5  | Was placed under penance by Zin
 65915 | Slime:5  | Found a viscous altar of Jiyva.
 65917 | Slime:5  | Found the +8 trident of the Octopus King {venom, rElec
                  | rPois}
 65919 | Slime:5  | Found the +10 dark maul {heavy}
 66085 | Slime:5  | Killed the Royal Jelly
 66333 | Slime:5  | Identified the +8 dagger of the Foot {venom, rElec rCorr}
 66346 | Slime:5  | Was forgiven by Zin
 66370 | Slime:5  | Identified the staff of earth "Goizawef" {rF+ Will++ rCorr
                  | Stlth+}
 66409 | Slime:5  | Got a slimy rune of Zot
 66434 | Slime:5  | Identified the staff of fire "Acirearr" {rF+ rCorr}
 67401 | Zot:1    | Entered Level 1 of the Realm of Zot
 68310 | Zot:2    | Noticed a curse toe
 68340 | Zot:2    | Killed a curse toe
 68913 | Zot:2    | Reached XP level 27. HP: 186/205 MP: 0/0
 68913 | Zot:2    | Learned a level 9 spell: Chain Lightning
 69063 | Zot:2    | Noticed an ancient lich
 69078 | Zot:2    | Killed an ancient lich
 70448 | Zot:3    | Identified the +8 plate armour of the Pure Hurling Orbs
                  | {MP+9}
 71400 | Zot:4    | Found a transporter.
 71519 | Zot:4    | Found a transporter.
 71529 | Zot:4    | Found a transporter.
 71645 | Zot:4    | Found a transporter.
 71874 | Zot:5    | Entered Level 5 of the Realm of Zot
 72056 | Zot:5    | Noticed an ancient lich
 72526 | Zot:5    | Noticed a Killer Klown
 72527 | Zot:5    | Noticed a Killer Klown
 72527 | Zot:5    | Noticed a Killer Klown
 72538 | Zot:5    | Noticed an orb of fire
 72539 | Zot:5    | Noticed a Killer Klown
 72547 | Zot:5    | Killed a Killer Klown
 72549 | Zot:5    | Killed an orb of fire
 72555 | Zot:5    | Killed an ancient lich
 72556 | Zot:5    | Noticed an orb of fire
 72561 | Zot:5    | Noticed an orb of fire
 72564 | Zot:5    | Killed an orb of fire
 72569 | Zot:5    | Killed an orb of fire
 72661 | Zot:5    | Killed a Killer Klown
 72674 | Zot:5    | Noticed a dread lich
 72684 | Zot:5    | Killed a dread lich
 72685 | Zot:5    | Noticed a Killer Klown
 72689 | Zot:5    | Noticed a Killer Klown
 72694 | Zot:5    | Killed a Killer Klown
 72695 | Zot:5    | Noticed an ancient lich
 72696 | Zot:5    | Killed a Killer Klown
 72696 | Zot:5    | Noticed a Killer Klown
 72699 | Zot:5    | Noticed a Killer Klown
 72702 | Zot:5    | Killed an ancient lich
 72706 | Zot:5    | Killed a Killer Klown
 72724 | Zot:4    | Killed a Killer Klown
 72791 | Zot:5    | Killed a Killer Klown
 72885 | Zot:5    | Killed a Killer Klown
 72983 | Zot:5    | Identified the +7 battleaxe of Uryo {protect, Dex+2}
 72984 | Zot:5    | Identified the +11 mace "Alapue Tyrph" {heavy, rPois rF+
                  | rC+++ Dex-3}
 73431 | Zot:5    | Noticed an orb of fire
 73438 | Zot:5    | Killed an orb of fire
 73537 | Zot:5    | Got the Orb of Zot
 73754 | Depths:1 | Paralysed by a floating eye for 3 turns
 74203 | D:$      | Escaped with the Orb!

Illustrated notes

Levels and vault maps discovered:
D:1:      minmay_arrival_wavy_path, layout_rooms, st_stairs_4
D:2:      layout_basic, hellmonk_ecumenical_altar_zigzags
D:3:      layout_loops_ring, nzn_overflow_gifts_of_might_and_magic,
          chequers_temple_overflow_minitemple, minmay_cupped
D:4:      layout_basic, lemuel_tele_altar, minmay_ruined_shrine
D:5:      layout_gridville
D:6:      layout_gridville, minmay_temple_entry_arrows, minmay_mini_ossuary
D:7:      layout_basic, mainiacjoe_overflow_surrounded_room,
          nicolae_ossuary_entry_false_entrances
D:8:      layout_loops_corners, okawaru_ov_weapons_minmay, enter_bailey_5,
          uniq_maggie, uniq_pikel, uniq_joseph
D:9:      layout_basic, dk_noncrumbling_2, minmay_statue_crystal_thing
D:10:     layout_gridville, minmay_lair_entry_grove, minmay_between
D:11:     kennysheep_blocky_room, layout_small_grid, orc_david_3, uniq_erolcha
D:12:     layout_loops_ring, serial_rivers, chequers_serial_rivers_micro_c,
          chequers_serial_rivers_small_3, chequers_serial_rivers_micro_e,
          chequers_serial_rivers_micro_c, chequers_serial_rivers_small_3,
          chequers_serial_rivers_small_a
D:13:     layout_basic, david_vaults_4, serial_rivers,
          chequers_serial_rivers_room_a, chequers_serial_rivers_room_a,
          chequers_serial_rivers_micro_c, chequers_serial_rivers_marsh,
          chequers_serial_rivers_micro_e, chequers_serial_rivers_small_b,
          minmay_misc_feat_room, grunt_ogre_cave, chequers_serial_rivers_room_b
D:14:     layout_stronghold, minmay_misc_feat_secret_circle,
          hangedman_decor_diamond_cutter
D:15:     grunt_enter_depths_giant_problem, layout_irregular_city, uniq_agnes,
          uniq_azrael, uniq_kirke
Lair:1:   layout_layer_cave, infiniplex_staircase_pool
Lair:2:   layout_chaotic_city, nicolae_shoals_entry_roost,
          minmay_snake_entry_guardpost_medium, infiniplex_staircase_pool_2,
          lemuel_fruit_fields
Lair:3:   layout_big_grid, serial_bayou_shore_a
Lair:4:   layout_layer_cave, slime_entry_1, grunt_megastairs_5,
          lemuel_fruit_fields, uniq_rupert
Lair:5:   cheibrodos_lair_end_hotspot, layout_long_grid
Shoals:1: layout_shoals, serial_shops, shop
Shoals:2: layout_shoals, uniq_roxanne
Shoals:3: layout_shoals, uniq_donald, uniq_polyphemus, uniq_mlioglotl
Shoals:4: shoals_end_grunt_garden, layout_shoals, shoals_ilsuiw_ice,
          serial_shops, nicolae_shop_behind_doors, uniq_aizul
Snake:1:  layout_misc_corridors, evilmike_ambush [evilmike_ambush_outer_pillars,
          evilmike_ambush_inner_basic], minmay_shop_star
Snake:2:  layout_gridlike, nicolae_snake_naga_rites, grunt_megastairs_4,
          serial_bayou_shore_b
Snake:3:  layout_misc_corridors, serial_shops, shop, ebering_ghost_xom
Snake:4:  grunt_snake_rune_spirals, layout_concentric_octagons,
          minmay_shop_grid_forest, uniq_bai_suzhen
Slime:1:  layout_caves
Slime:2:  cheibrodos_slime_lost_civilization_8, layout_caves
Slime:3:  layout_caves, basic_altar, nicolae_slime_welcoming_committee
Slime:4:  layout_caves
Slime:5
Orc:1:    layout_caves, serial_shops
Orc:2:    st_orc_rangers, layout_diamond_mine, serial_shops, shop,
          portal_ice_cave_entry_imps, kennysheep_orc_sif_temple
Elf:1:    minmay_elf_arrival_summoners, layout_rooms, serial_shops, shop,
          hangedman_corner_corridor
Elf:2:    nicolae_elf_blades_crystal_corner, layout_rooms
Elf:3:    grunt_elf_hall_spiral, layout_geoelf_grid, basic_altar,
          minmay_checkered_concentric_circles
Vaults:1: nicolae_vaults_more_shelving_1, nicolae_vaults_enemy_cabinets,
          ontoclasm_vaults_ring_small, nicolae_vaults_asterisk,
          nicolae_vaults_storage_closets_3, v_rooms_6, v_misc_22,
          ontoclasm_vaults_eye, nicolae_vaults_frosty_reception,
          layout_vaults_omnicross, serial_shops, shop
Vaults:2: nicolae_vaults_security_offices_3, nicolae_vaults_network_periphery,
          nicolae_vaults_storage_room_glass, hangedman_vaults_capsules,
          ontoclasm_vaults_shuriken, v_alt_pattern_6, v_misc_12,
          grunt_vaults_twisty, v_pattern_1, nicolae_vaults_tangram_1,
          layout_vaults_ring, serial_shops, bzr_entry_water,
          nicolae_trove_entry_crystal, uniq_asterion
Vaults:3: mu_enter_wizlab_1, nicolae_vaults_meiosis,
          nicolae_vaults_closet_pinwheel_5, v_misc_9, ontoclasm_vaults_pinch,
          hangedman_vaults_unwind, nicolae_vaults_ninety_degrees,
          vaults_dpeg_cross, ontoclasm_vaults_bender,
          nicolae_vaults_storage_closets_2, nicolae_vaults_house_1,
          ontoclasm_vaults_claustrophobia, nicolae_vaults_trapezoid_4,
          nicolae_vaults_antechamber_and_loot_room,
          minmay_crypt_entry_simple_box, layout_vaults_maze_bifur, serial_shops,
          shop
Vaults:4: nicolae_vaults_mini_display_case, nicolae_vaults_theta,
          nicolae_vaults_layer_cake_slice, nicolae_vaults_little_squares_1,
          vaults_dpeg_ring, vaults_room_pools, nicolae_vaults_shelves_hall,
          dpeg_vaults_hating_casters, nicolae_vaults_hexular_roomagon,
          layout_vaults_omnigrid, uniq_margery
Depths:1: minmay_cut_squares, layout_honeycomb, enter_ziggurat_c, serial_shops,
          shop, grunt_mini_vestibule, hangedman_aviary
Depths:2: minmay_the_grid_square_5x5_4x4_mashed
          [minmay_the_grid_square_5x5_checkered_statues,
          minmay_the_grid_square_5x5_c, minmay_the_grid_square_5x5_inset,
          minmay_the_grid_square_5x5_comb,
          minmay_the_grid_square_5x5_almost_minimal,
          minmay_the_grid_square_5x5_prize_monsterx,
          minmay_the_grid_square_5x5_prize_snowflake,
          minmay_the_grid_square_5x5_inner_i, minmay_the_grid_square_5x5_three,
          minmay_the_grid_square_5x5_prize_waves,
          minmay_the_grid_square_5x5_prize_open,
          minmay_the_grid_square_5x5_hollow_slash,
          minmay_the_grid_square_5x5_inner_v,
          minmay_the_grid_square_5x5_pentomino_r,
          minmay_the_grid_square_5x5_longway,
          minmay_the_grid_square_5x5_broken_cross], layout_cave_pools,
          hell_entry, rand_demon_pan_entry_5, grunt_gozag_statues,
          nicolae_ashenzari_skybound, infiniplex_staircase_zigzag_3
Depths:3: minmay_three_patterns, layout_cave_pools, hangedman_tar_grid_catacomb,
          nicolae_tso_swordbearing_angel, abyss_entry, rand_demon_pan_entry_3,
          infiniplex_staircase_pillars_3b
Depths:4: evilmike_zot_entry_argh, layout_cave_pools, pan_entry,
          grunt_hell_entry_dis_grunt, uniq_enchantress
Zot:1:    layout_onion_interference
Zot:2:    grunt_deathspiral_small, layout_onion
Zot:3:    layout_gridlike, skrybe_zot_glass_2
Zot:4:    layout_cathedral_of_symmetry, nicolae_diode_intersection
Zot:5:    layout_misc_corridors

Skill      XL: |  1  2  3  4  5  6  7  8  9 10 11 12 13 14 15 16 17 18 19 20 21 22 23 24 25 26 27 |
---------------+----------------------------------------------------------------------------------+-----
Fighting       | 1 2 3 4 5 8 9 10 12 14 15 16 17 18 20 22 | 22.8
Stealth        | 2 3 4 5 6 8 |  8.0
Dodging        | 3 5 6 8 9 10 11 12 14 16 17 18 19 20 21 22 | 22.0
Spellcasting   | 3 4 6 8 10 11 12 13 15 16 18 19 | 19.6
Invocations    | 4 5 6 7 8 9 11 12 13 14 15 16 | 16.0
Armour         | 1 4 5 6 7 8 10 11 12 | 12.0
Short Blades   | 2 4 8 11 12 | 12.0
Throwing       | 1 3 4 8 10 | 10.0
Shields        | 3 4 6 7 8 10 12 | 12.0
Evocations     | 3 4 5 6 10 11 12 | 12.0

Action                     |  1- 3 |  4- 6 |  7- 9 | 10-12 | 13-15 | 16-18 | 19-21 | 22-24 | 25-27 || total
---------------------------+-------+-------+-------+-------+-------+-------+-------+-------+-------++-------
  Melee: Whip              |     6 |     4 |       |       |       |       |       |       |       ||    10
         Short sword       |       |       |    19 |    28 |   149 |   149 |   134 |    56 |       ||   535
         Staff             |       |       |       |       |    23 |    55 |    23 |    38 |    21 ||   160
         Long sword        |       |       |       |       |     3 |       |       |       |       ||     3
         Dagger            |       |       |       |       |       |       |       |   112 |   189 ||   301
   Fire: Sling             |       |       |       |       |       |       |    16 |     2 |       ||    18
         Hand crossbow     |       |       |       |       |       |       |     5 |     4 |       ||     9
  Throw: Dart              |       |       |     1 |     2 |     6 |     7 |    17 |    36 |     6 ||    75
         Boomerang         |       |       |       |       |     1 |     8 |    35 |       |       ||    44
         Javelin           |       |       |       |       |       |       |    65 |    25 |       ||    90
         Throwing net      |       |       |       |       |       |       |     2 |     2 |     2 ||     6
   Cast: Foxfire           |    31 |    57 |   106 |   130 |   119 |     2 |     2 |       |     1 ||   448
         Scorch            |     3 |    45 |    61 |    89 |    73 |     1 |    17 |     3 |       ||   292
         Volatile Blastmot |       |     6 |    17 |    42 |    14 |       |    12 |       |       ||    91
         Inner Flame       |       |       |    49 |    69 |    44 |     3 |    14 |     5 |       ||   184
         Flame Wave        |       |       |     1 |     9 |    46 |     2 |    12 |     9 |       ||    79
         Summon Guardian G |       |       |     2 |     6 |     2 |     2 |     9 |     4 |     5 ||    30
         Blink             |       |       |       |     1 |       |     2 |    17 |     3 |    36 ||    59
         Freezing Cloud    |       |       |       |       |   187 |   372 |   510 |   329 |   279 ||  1677
         Tukima's Dance    |       |       |       |       |       |       |     1 |       |       ||     1
         Spellforged Servi |       |       |       |       |       |       |     7 |    29 |    48 ||    84
         Orb of Destructio |       |       |       |       |       |       |       |   121 |   348 ||   469
         Lehudib's Crystal |       |       |       |       |       |       |       |     3 |    75 ||    78
         Discord           |       |       |       |       |       |       |       |     1 |    15 ||    16
         Dispersal         |       |       |       |       |       |       |       |     1 |     3 ||     4
 Invoke: Vitalisation      |       |       |       |     2 |       |     2 |     1 |     1 |     1 ||     7
         Recite            |       |       |       |     1 |       |    13 |    13 |     7 |     3 ||    37
         Sanctuary         |       |       |       |       |     1 |     1 |     3 |     3 |     1 ||     9
  Evoke: Lightning rod     |       |       |       |       |     4 |     4 |     1 |     4 |       ||    13
         Wand              |       |       |       |       |     1 |    10 |    14 |    18 |    15 ||    58
    Use: Scroll            |       |       |    11 |     9 |     9 |    11 |     8 |     8 |     3 ||    59
         Potion            |       |       |       |     2 |     4 |     1 |     5 |     9 |     5 ||    26
   Stab: Sleeping          |       |       |       |     1 |       |       |     3 |     2 |       ||     6
         Petrified         |       |       |       |       |       |     3 |       |       |       ||     3
         Held in net/web   |       |       |       |       |       |       |     2 |       |       ||     2
         Invisible         |       |       |       |       |       |       |     2 |     1 |     1 ||     4
         Distracted        |       |       |       |       |       |       |     1 |     1 |     2 ||     4
         Confused          |       |       |       |       |       |       |       |     1 |       ||     1
 Armour: Robe              |       |     8 |    17 |    12 |    83 |       |       |    28 |    90 ||   238
         Steam dragon scal |       |       |     7 |    42 |       |       |       |       |       ||    49
         Ring mail         |       |       |       |       |    12 |    84 |    89 |   110 |       ||   295
  Dodge: Dodged            |     5 |    37 |    76 |   129 |   296 |   337 |   314 |   254 |   443 ||  1891
  Block: Buckler           |       |       |       |       |   152 |   227 |   245 |    40 |   136 ||   800
         Reflection        |       |       |       |       |    42 |    58 |   109 |     7 |    42 ||   258
         Kite shield       |       |       |       |       |       |       |       |   188 |   125 ||   313

Table legend: (Time is in decaauts)
 A = Elapsed time spent in this place.
 B = Non-inter-level travel time spent in this place.
 C = Inter-level travel time spent in this place.
 D = Time resting spent in this place.
 E = Time spent auto-exploring this place.
 F = Levels seen in this place.
 G = Mean time per level.
                   A        B        C        D        E       F      G
               +--------+--------+--------+--------+--------+-----+--------+
         Total |  73981 |  66248 |   7733 |    858 |  45375 |  56 | 1321.1 |
       Dungeon |  18668 |  16338 |   2330 |     86 |  12617 |  15 | 1244.5 |
          Lair |   7168 |   5764 |   1404 |      0 |   4318 |   5 | 1433.6 |
        Shoals |   5387 |   4855 |    532 |      0 |   3558 |   4 | 1346.8 |
     Snake Pit |   7632 |   7083 |    549 |    100 |   5243 |   4 | 1908.0 |
    Slime Pits |   3243 |   3039 |    204 |    264 |   1236 |   5 |  648.6 |
  Orcish Mines |   1650 |   1444 |    206 |      0 |    969 |   2 |  825.0 |
   Elven Halls |   4610 |   4362 |    248 |    175 |   2716 |   3 | 1536.7 |
        Vaults |   9878 |   8483 |   1395 |    107 |   5224 |   4 | 2469.5 |
        Depths |   6943 |   6536 |    407 |     91 |   4151 |   4 | 1735.8 |
           Zot |   6135 |   5680 |    455 |     35 |   3911 |   5 | 1227.0 |
        Bazaar |    125 |    125 |      0 |      0 |     58 |   1 |  125.0 |
       Ossuary |    483 |    483 |      0 |      0 |    348 |   1 |  483.0 |
        Bailey |    483 |    483 |      0 |      0 |    258 |   1 |  483.0 |
      Ice Cave |    711 |    711 |      0 |      0 |    334 |   1 |  711.0 |
        Wizlab |    857 |    857 |      0 |      0 |    432 |   1 |  857.0 |
               +--------+--------+--------+--------+--------+-----+--------+

Top non-repeatable levels by time:
 Snake:4: 3789 daAuts
Vaults:1: 3056 daAuts
Vaults:2: 2554 daAuts
Vaults:3: 2486 daAuts
  Lair:1: 2249 daAuts
Depths:1: 2155 daAuts
     D:9: 1992 daAuts
   Elf:3: 1886 daAuts
  Lair:2: 1785 daAuts
Vaults:4: 1780 daAuts
Depths:3: 1757 daAuts
   Elf:2: 1700 daAuts
Shoals:4: 1679 daAuts
Shoals:3: 1648 daAuts
 Slime:5: 1608 daAuts
